 Dungeon Crawl Stone Soup version 0.19.1-1-g22dce08 (webtiles) character file.

81 Miant the Skirmisher (level 4, -2/37 HPs)
             Began as a Demonspawn Chaos Knight on Jan 1, 2017.
             Slain by Paps's ghost (8 damage)
             ... on level 3 of the Dungeon on Jan 11, 2017.
             The game lasted 00:09:54 (1880 turns).

Miant the Skirmisher (Demonspawn Chaos Knight)      Turns: 1880, Time: 00:09:55

Health: -2/37      AC:  5    Str: 13    XL:     4   Next: 20%
Magic:  4/4        EV: 12    Int: 13    God:    Xom [..*...]
Gold:   109        SH:  3    Dex: 13    Spells: 0 memorised, 3 levels left

rFire  . . .     SeeInvis .     a - +0 mace (chaos)
rCold  . . .     Gourm    .     e - +0 ring mail
rNeg   . . .     Faith    .     (no shield)
rPois  .         Spirit   .     (no helmet)
rElec  .         Reflect  +     (no cloak)
rCorr  .         Harm     .     (no gloves)
MR     .....                    (no boots)
Stlth  +.........               l - +3 amulet of reflection
                                (no ring)
                                (no ring)

@: no status effects
A: repulsion field 1, powered by death 1
a: Renounce Religion


You were on level 3 of the Dungeon.
You worshipped Xom.
You were a toy of Xom.
You were not hungry.

You visited 1 branch of the dungeon, and saw 3 of its levels.

You collected 109 gold pieces.

Inventory:

Hand Weapons
 a - a +0 mace of chaos (weapon)
Armour
 e - a +0 ring mail (worn)
Jewellery
 l - a +3 amulet of reflection (around neck)
Scrolls
 b - a scroll of recharging {unknown}
 d - a scroll of teleportation {unknown}
 f - 3 scrolls of remove curse {unknown}
 g - a scroll of enchant weapon {unknown}
 h - a scroll of immolation {unknown}
 j - a scroll of magic mapping {unknown}
 k - 2 scrolls of identify {unknown}
Potions
 i - a potion of agility {unknown}
Comestibles
 c - 2 bread rations


   Skills:
 + Level 3.9 Fighting
 + Level 3.4 Maces & Flails
 + Level 2.5 Armour
 - Level 0.8 Dodging


You had 3 spell levels left.
You didn't know any spells.

Dungeon Overview and Level Annotations

Branches:
Dungeon (3/15)

Altars:

Annotations:
D:3 Paps's ghost, amateur DsFi


Innate Abilities, Weirdness & Mutations

You are surrounded by a mild repulsion field. (EV +2)
You regenerate a little health from kills.


Message History

Paps's ghost hits you but does no damage.
You barely miss Paps's ghost. Xom grants you insight.
You detect creatures!
The bat closely misses you. Paps's ghost closely misses you.
The bat closely misses you. Paps's ghost barely misses you.
You hit Paps's ghost but do no damage. The bat closely misses you.
Paps's ghost hits you!
You hit Paps's ghost but do no damage. Paps's ghost barely misses you.
You completely miss Paps's ghost. Paps's ghost hits you.
You closely miss Paps's ghost. Paps's ghost hits you. Paps's ghost hits you!
* * * LOW HITPOINT WARNING * * *
You hit Paps's ghost but do no damage. Paps's ghost hits you.
* * * LOW HITPOINT WARNING * * *
You closely miss Paps's ghost. Paps's ghost closely misses you.
You hit Paps's ghost but do no damage.
You hear strange and distant voices.
Paps's ghost hits you!
You die...
Xom guffaws!

#...#
#...#+#####
#.........#
#..?......#
.........#
g ........#
. #
#b......#
....#.#W#'#
K
.......@%.#
....#+#####
..


b r b You could see Paps's ghost and a bat.

Vanquished Creatures
  4 adders
  3 worms (D:2)
  3 dart slugs
  A ball python (D:1)
  4 bats
  A giant cockroach (D:2)
  2 goblins (D:1)
  5 hobgoblins
  2 jackals (D:1)
  A frilled lizard (D:1)
  2 kobolds (D:2)
  5 rats
33 creatures vanquished.

Notes
Turn   | Place    | Note
-------+----------+-------------------------------------------
     0 | D:1      | Miant the Demonspawn Chaos Knight began the quest for the Orb.
     0 | D:1      | Reached XP level 1. HP: 18/18 MP: 1/1
   147 | D:1      | XOM: harmless Erth miscast
   187 | D:1      | XOM: harmless Necr miscast
   342 | D:1      | Gained mutation: You are surrounded by a mild repulsion field. (EV +2) [demonic ancestry]
   342 | D:1      | Reached XP level 2. HP: 21/24 MP: 2/2
   727 | D:2      | XOM: noise
   745 | D:2      | Found a faded altar of an unknown god.
   818 | D:2      | Gained mutation: You regenerate a little health from kills. [demonic ancestry]
   818 | D:2      | Reached XP level 3. HP: 9/29 MP: 3/3
  1078 | D:2      | XOM: divination: detect creatures
  1094 | D:2      | XOM: divination: detect items
  1169 | D:2      | XOM: divination: detect items
  1181 | D:2      | XOM: divination: detect creatures
  1389 | D:2      | Reached XP level 4. HP: 28/37 MP: 4/4
  1579 | D:2      | XOM: god gift: scroll labeled PAEHUT GIXUCVA {god gift}
  1863 | D:3      | Noticed Paps's ghost (amateur DsFi)
  1873 | D:3      | XOM: divination: detect creatures
  1880 | D:3      | Slain by Paps's ghost

Skill      XL: |  1  2 |
---------------+-------+-----
Armour         | 2 |  2.5
Maces & Flails | 3 |  3.4
Fighting       | |  3.9
Dodging        | |  0.8

Action                   |  1- 3 |  4- 6 || total
-------------------------+-------+-------++-------
Melee: Mace              |    94 |    35 ||   129
  Use: Scroll            |       |     1 ||     1
 Stab: Paralysed         |     1 |       ||     1
  Eat: Chunk             |     2 |     1 ||     3
Armor: Ring mail         |    33 |    38 ||    71
       Leather armour    |     5 |       ||     5
Dodge: Dodged            |    66 |    25 ||    91
Block: Other             |       |     4 ||     4
